[Event "Titled Tuesday Blitz February 14 Early 2023"]
[White "Ilkhomi, Jaloliddin"]
[Black "Goltseva, Ekaterina"]
[WhiteFideId "14700948"]
[BlackFideId "24173770"]
[WhiteElo "1997"]
[BlackElo "2283"]
[Result "1-0"]
[Round "07"]
[TimeControl "180+2"]
[Date "2023.02.15"]
[WhiteClock "0:00:13"]
[BlackClock "0:00:16"]

1. Nf3 d5 2. d4 Nf6 3. Bf4 c5 4. e3 Nc6 5. c3 cxd4 6. exd4 Bg4 7. Nbd2 e6 8. Qb3 Bd6 9. Qxb7 Bxf4 10. Qxc6+ Kf8 11. Ba6 Rb8 12. b4 Rb6 13. Qa4 Qc7 14. O-O g6 15. h3 Bxf3 16. Nxf3 Qxc3 17. b5 Kg7 18. Qb3 Qc7 19. g3 Bd6 20. Rac1 Qb7 21. Bxb7 Rxb7 22. Rc6 Bb8 23. Ne5 Bxe5 24. dxe5 Nd7 25. f4 Nb6 26. a4 Nc4 27. Rxc4 dxc4 28. Qxc4 Rd7 29. a5 Rhd8 30. b6 Rd4 31. Qc7 axb6 32. axb6 R8d7 33. Qc6 R7d5 34. Rb1 Rd3 35. b7 Rxg3+ 36. Kh2 Rdd3 37. b8=Q Rxh3+ 38. Kg2 Rhe3 39. Rb2 Rg3+ 40. Kf2 Rh3 41. Qbb5 Rh2+ 42. Qg2 Rxg2+ 43. Kxg2 Rd4 44. Qf1 h5 45. Qf2 Re4 46. Rb7 Rc4 47. Qa2 Rxf4 48. Qxe6 Rf5 49. Qe7 Kh6 50. Qf8+ Kg5 51. Rxf7 Rxe5 52. Qd8+ Kg4 53. Qd4+ Kg5 54. Qf4# 1-0


[Site "https://www.chess.com"]

[Event "Titled Tuesday Blitz February 14 Early 2023"]
[White "Principe, Gerson"]
[Black "Fernandez, Michael"]
[WhiteFideId "3804550"]
[BlackFideId "5803560"]
[WhiteElo "2226"]
[BlackElo "2181"]
[Result "1-0"]
[Round "07"]
[TimeControl "180+2"]
[Date "2023.02.15"]
[WhiteClock "0:00:05"]
[BlackClock "0:00:01"]

1. d4 d5 2. Nf3 Nf6 3. e3 Bg4 4. Be2 e6 5. O-O c5 6. c3 Nc6 7. Nbd2 cxd4 8. exd4 Bd6 9. h3 Bh5 10. Ne5 Bxe2 11. Qxe2 O-O 12. f4 Qc7 13. g4 Rae8 14. g5 Nd7 15. Ndf3 f6 16. Nxd7 Qxd7 17. Qg2 Kh8 18. Bd2 Ne7 19. Rae1 Nf5 20. Qg4 fxg5 21. Nxg5 g6 22. Re2 h5 23. Qg2 Ng7 24. Qg3 Rf6 25. Nf3 Nf5 26. Qg5 Qg7 27. Ne5 Kh7 28. Qg2 Bxe5 29. fxe5 Rf7 30. Ref2 Ref8 31. Bg5 Rc7 32. Kh2 b5 33. a3 Rb8 34. Rg1 a5 35. Qf3 b4 36. axb4 axb4 37. Rfg2 Qf7 38. Bf6 bxc3 39. bxc3 Rg8 40. Qd3 Rc4 41. Qf3 Qc7 42. Rxg6 Rxg6 43. Qxh5+ Rh6 44. Qe8 Rxf6 45. Qg8+ Kh6 46. Qg5+ Kh7 47. Qg8+ Kh6 48. Qh8+ Qh7 49. Qxf6+ Kh5 50. Qg5# 1-0


[Site "https://www.chess.com"]

[Event "Titled Tuesday Blitz February 14 Early 2023"]
[White "Golubev, Mikhail"]
[Black "Buchenau, Frank"]
[WhiteFideId "14100983"]
[BlackFideId "4604350"]
[WhiteElo "2461"]
[BlackElo "2222"]
[Result "1-0"]
[Round "07"]
[TimeControl "180+2"]
[Date "2023.02.15"]
[WhiteClock "0:00:54"]
[BlackClock "0:00:40"]

1. e4 e6 2. d4 d5 3. Nc3 Nf6 4. e5 Nfd7 5. f4 c5 6. Nf3 Nc6 7. Be3 a6 8. Qd2 b5 9. a3 Qa5 10. dxc5 Bxc5 11. Bxc5 Nxc5 12. Nd4 Qb6 13. Nxc6 Qxc6 14. Qd4 O-O 15. Bd3 f6 16. exf6 Rxf6 17. O-O-O Bd7 18. Rhe1 Be8 19. g4 Bg6 20. f5 Nxd3+ 21. Rxd3 exf5 22. Nxd5 Kh8 23. Nxf6 fxg4 24. Qd8+ Rxd8 25. Rxd8+ Be8 26. Rexe8+ Qxe8 27. Rxe8# 1-0


[Site "https://www.chess.com"]

[Event "Titled Tuesday Blitz February 14 Early 2023"]
[White "Gurevich, Dmitry"]
[Black "Alinasab, Mobina"]
[WhiteFideId "2000407"]
[BlackFideId "12528897"]
[WhiteElo "2393"]
[BlackElo "2347"]
[Result "1-0"]
[Round "07"]
[TimeControl "180+2"]
[Date "2023.02.15"]
[WhiteClock "0:01:35"]
[BlackClock "0:00:03"]

1. d4 Nf6 2. c4 e6 3. Nc3 Bb4 4. a3 Bxc3+ 5. bxc3 b6 6. f3 d5 7. cxd5 exd5 8. e3 O-O 9. Bd3 c5 10. Ne2 Ba6 11. O-O Bxd3 12. Qxd3 Re8 13. Ng3 Nc6 14. Bb2 Rc8 15. Rad1 Na5 16. e4 Nc4 17. Bc1 b5 18. e5 Nd7 19. f4 Qb6 20. Kh1 cxd4 21. cxd4 a5 22. f5 Nf8 23. Nh5 Kh8 24. Qg3 g6 25. Bg5 Nd7 26. Nf6 Qc6 27. Qh4 Nf8 28. Bh6 Nd7 29. Bg7+ Kxg7 30. Qxh7+ Kf8 31. Nxd7+ Qxd7 32. f6 1-0


[Site "https://www.chess.com"]

[Event "Titled Tuesday Blitz February 14 Early 2023"]
[White "Krstulovic, Alex"]
[Black "Gimenez Aguirre, Alejo Ismael"]
[WhiteFideId "760056"]
[BlackFideId "32041667"]
[WhiteElo "2428"]
[BlackElo "2273"]
[Result "1-0"]
[Round "07"]
[TimeControl "180+2"]
[Date "2023.02.15"]
[WhiteClock "0:01:03"]
[BlackClock "0:00:11"]

1. d4 Nf6 2. Nf3 e6 3. Bf4 c5 4. e3 cxd4 5. exd4 Qb6 6. Na3 Nd5 7. Nc4 Qc6 8. Nfe5 Qc7 9. Bg3 d6 10. Nf3 b5 11. Ncd2 a6 12. Bd3 Nc6 13. O-O Bb7 14. Re1 Be7 15. c4 bxc4 16. Nxc4 Nb6 17. Nxb6 Qxb6 18. d5 Nd8 19. Qa4+ Kf8 20. dxe6 fxe6 21. Qf4+ Ke8 22. Ng5 Bd5 23. Bxh7 Qxb2 24. Rab1 Qf6 25. Qxf6 gxf6 26. Bg6+ Kd7 27. Ne4 f5 28. Nc3 Bc4 29. Rbc1 Rh6 30. Na4 Rb8 31. Bxf5 Rb4 32. Rxc4 Rxc4 33. Nb6+ Ke8 34. Nxc4 exf5 35. Nxd6+ Kd7 36. Rxe7+ Kxe7 37. Nxf5+ 1-0


[Site "https://www.chess.com"]

[Event "Titled Tuesday Blitz February 14 Early 2023"]
[White "Babikov, Ivan"]
[Black "Kaidanov, Gregory"]
[WhiteFideId "4161106"]
[BlackFideId "2008564"]
[WhiteElo "2239"]
[BlackElo "2559"]
[Result "0-1"]
[Round "07"]
[TimeControl "180+2"]
[Date "2023.02.15"]
[WhiteClock "0:00:33"]
[BlackClock "0:01:24"]

1. Nf3 d5 2. g3 c5 3. Bg2 Nc6 4. d4 Nf6 5. O-O cxd4 6. Nxd4 e5 7. Nxc6 bxc6 8. c4 Be6 9. Nc3 Rc8 10. Bg5 d4 11. Ne4 Be7 12. Qa4 Nxe4 13. Bxe7 Qxe7 14. Bxe4 O-O 15. Rac1 c5 16. Rfd1 f5 17. Bd5 e4 18. Bxe6+ Qxe6 19. e3 d3 20. Qxa7 Qe5 21. Rd2 Ra8 22. Qd7 Rfd8 23. Qb5 Rxa2 24. Qb3 Raa8 25. Rcd1 Rdb8 26. Qc3 Qxc3 27. bxc3 Ra4 28. f3 Rxc4 29. g4 g6 30. gxf5 gxf5 31. fxe4 fxe4 32. Rg2+ Kh8 33. Rg4 Rg8 34. Rxg8+ Kxg8 35. Rc1 Ra4 36. Kf2 Ra2+ 37. Kg3 Rc2 38. Rg1 Rxc3 39. Kf4+ Kf7 40. Kxe4 c4 41. Kd4 Rc2 42. e4 d2 43. Rd1 c3 44. Ra1 Rc1 45. Ra7+ Ke6 46. Ra6+ Kd7 47. Ra7+ Kc6 48. Ra6+ Kb7 49. Rb6+ Kxb6 0-1


[Site "https://www.chess.com"]

[Event "Titled Tuesday Blitz February 14 Early 2023"]
[White "Mirzanurov, Bulat"]
[Black "Sovetov, Oleksandr"]
[WhiteFideId "4184521"]
[BlackFideId "34105786"]
[WhiteElo "2232"]
[BlackElo "1976"]
[Result "0-1"]
[Round "07"]
[TimeControl "180+2"]
[Date "2023.02.15"]
[WhiteClock "0:02:14"]
[BlackClock "0:02:05"]

1. e4 c5 2. Nf3 Nc6 3. Bb5 g6 4. Bxc6 dxc6 5. O-O Bg7 6. Re1 e5 7. a4 Qc7 8. d3 Nf6 9. Na3 Nd7 10. Nc4 Nf8 11. a5 Ne6 12. Bd2 O-O 13. Bc3 Nd4 14. Bxd4 cxd4 15. b4 Be6 16. Nfd2 b5 0-1


[Site "https://www.chess.com"]

[Event "Titled Tuesday Blitz February 14 Early 2023"]
[White "Iljin, Timofey"]
[Black "Jeet, Jain"]
[WhiteFideId "14110180"]
[BlackFideId "5073022"]
[WhiteElo "2329"]
[BlackElo "2199"]
[Result "0-1"]
[Round "07"]
[TimeControl "180+2"]
[Date "2023.02.15"]
[WhiteClock "0:00:03"]
[BlackClock "0:00:45"]

1. e4 c6 2. d4 d5 3. e5 Bf5 4. h4 h5 5. Bg5 Qb6 6. Bd3 Bxd3 7. Qxd3 Qxb2 8. e6 Qxa1 9. Qb3 Qxd4 10. Qxb7 fxe6 11. Qxa8 Qb6 12. Nd2 Nf6 13. Ngf3 g6 14. O-O Nd7 15. Rb1 Qc7 16. Rb7 Qd6 17. g3 Bg7 18. Bf4 e5 19. Be3 O-O 20. Qxa7 e4 21. Ng5 d4 22. Ndxe4 Qd5 23. Bf4 e5 24. Bd2 c5 25. Ba5 c4 26. Bc7 Nc6 27. Qa4 Ne7 28. Bd6 Qxb7 29. Bxe7 Rc8 30. Qa5 d3 31. cxd3 cxd3 32. Nd6 Rc1+ 33. Kh2 Rh1# 0-1


[Site "https://www.chess.com"]

[Event "Titled Tuesday Blitz February 14 Early 2023"]
[White "Lucassen, Mickey"]
[Black "Ansh M Shah"]
[WhiteFideId "12919110"]
[BlackFideId "25033379"]
[WhiteElo "2023"]
[BlackElo "2171"]
[Result "1-0"]
[Round "07"]
[TimeControl "180+2"]
[Date "2023.02.15"]
[WhiteClock "0:00:26"]
[BlackClock "0:00:08"]

1. e4 c6 2. d4 d5 3. e5 Bf5 4. h4 h5 5. Bg5 Qb6 6. Bd3 Bxd3 7. Qxd3 e6 8. Nd2 Qa6 9. c4 Ne7 10. Ne2 Nd7 11. O-O dxc4 12. Nxc4 Nd5 13. b3 b5 14. Nd2 c5 15. a4 Nb4 16. Qe4 Rc8 17. axb5 Qxb5 18. Rxa7 cxd4 19. Nc4 Qd5 20. Qxd4 Qxd4 21. Nxd4 Bc5 22. Nd6+ Bxd6 23. exd6 Nb6 24. Rb7 N4d5 25. Nb5 O-O 26. d7 Nxd7 27. Rxd7 Rb8 28. Nd4 Rb4 29. Rd1 Rc8 30. Rd3 Ra8 31. Nc6 Ra1+ 32. Kh2 Rb6 33. Ne7+ Nxe7 34. Rxe7 Ra8 35. Rdd7 Rf8 36. Rb7 Rxb7 37. Rxb7 f6 38. Be3 Rc8 39. b4 Rc4 40. g3 Kh7 41. b5 Rb4 42. b6 Kg6 43. Rc7 Kf5 44. b7 g5 45. Ba7 gxh4 46. b8=Q Rxb8 47. Bxb8 hxg3+ 48. Kxg3 e5 49. Kh4 Ke4 50. Kxh5 f5 51. Kg5 f4 52. Re7 Kf3 53. Bxe5 Kxf2 54. Bxf4 Kf3 55. Re3+ Kf2 56. Kg4 Kg2 57. Re2+ Kf1 58. Kf3 Kg1 59. Ra2 Kh1 60. Ra1# 1-0


[Site "https://www.chess.com"]

[Event "Titled Tuesday Blitz February 14 Early 2023"]
[White "Ljukin, Sergei"]
[Black "Zherebtsova, Alexandra"]
[WhiteFideId "14102200"]
[BlackFideId "24129518"]
[WhiteElo "2362"]
[BlackElo "2155"]
[Result "1-0"]
[Round "07"]
[TimeControl "180+2"]
[Date "2023.02.15"]
[WhiteClock "0:00:31"]
[BlackClock "0:00:15"]

1. e4 e5 2. Nf3 Nc6 3. Bb5 a6 4. Ba4 Nf6 5. Qe2 Bc5 6. c3 b5 7. Bb3 d6 8. d3 Bb7 9. Bg5 h6 10. Bh4 Bb6 11. Nbd2 Qe7 12. Nf1 g5 13. Bg3 Qd7 14. Ne3 Ne7 15. h4 g4 16. Nh2 Rg8 17. h5 Nxh5 18. Nhxg4 Nxg3 19. fxg3 Rg6 20. Nxh6 O-O-O 21. Nef5 Nxf5 22. Nxf5 d5 23. O-O-O c5 24. Rhf1 dxe4 25. dxe4 Qe8 26. Rxd8+ Qxd8 27. Bxf7 Rf6 28. Rd1 Qf8 29. Bd5 Bxd5 30. Rxd5 c4 31. a3 Bc7 32. Qe3 Qf7 33. Qa7 Rxf5 34. Qa8+ Bb8 35. Qc6+ Bc7 36. exf5 e4 37. Qe6+ 1-0


[Site "https://www.chess.com"]

[Event "Titled Tuesday Blitz February 14 Early 2023"]
[White "AidenRchess"]
[Black "Kanyamarala, Trisha"]
[BlackFideId "45004722"]
[WhiteElo "2517"]
[BlackElo "2278"]
[Result "1-0"]
[Round "07"]
[TimeControl "180+2"]
[Date "2023.02.15"]
[WhiteClock "0:01:42"]
[BlackClock "0:01:32"]

1. e4 c5 2. Nf3 d6 3. Bb5+ Bd7 4. Bxd7+ Qxd7 5. O-O Nc6 6. c3 Nf6 7. Re1 e6 8. d4 cxd4 9. cxd4 Be7 10. Nc3 O-O 11. Qe2 Rac8 12. d5 Na5 13. dxe6 Qxe6 14. Nd4 Qc4 15. Nf5 Rfe8 16. Qf3 Bf8 17. Bg5 Nxe4 18. Nxe4 Qb4 19. Bd2 Qb5 20. Bc3 Nc4 21. Nh6+ Kh8 22. Qxf7 Be7 23. Qg8+ Rxg8 24. Nf7# 1-0


[Site "https://www.chess.com"]

[Event "Titled Tuesday Blitz February 14 Early 2023"]
[White "Mouhamad, Joachim"]
[Black "Novikov, Evgenij"]
[WhiteFideId "656410"]
[BlackFideId "4125380"]
[WhiteElo "2238"]
[BlackElo "2276"]
[Result "0-1"]
[Round "07"]
[TimeControl "180+2"]
[Date "2023.02.15"]
[WhiteClock "0:00:01"]
[BlackClock "0:00:55"]

1. e4 c5 2. Nf3 Nc6 3. d4 cxd4 4. Nxd4 e5 5. Nb5 a6 6. Nd6+ Bxd6 7. Qxd6 Qf6 8. Qxf6 Nxf6 9. Nc3 d5 10. exd5 Nb4 11. Bd3 Nbxd5 12. Nxd5 Nxd5 13. Bd2 O-O 14. O-O Be6 15. Rfe1 f6 16. f4 b5 17. fxe5 f5 18. a4 b4 19. a5 Rfd8 20. Kf2 b3 21. Ke2 f4 22. h3 bxc2 23. Bxc2 Rab8 24. Rab1 Rb5 25. Bd3 Rb3 26. Bxa6 Ne3 27. Bxe3 fxe3 28. Red1 Ra8 29. Rd6 Rxa6 30. Rxa6 Bc4+ 31. Ke1 Bxa6 32. e6 Kf8 33. Rc1 Rxb2 34. Rc6 Rb1+ 0-1


[Site "https://www.chess.com"]

[Event "Titled Tuesday Blitz February 14 Early 2023"]
[White "Sekar, B"]
[Black "Begunov, Konstantin"]
[WhiteFideId "5043743"]
[BlackFideId "4118510"]
[WhiteElo "2333"]
[BlackElo "2325"]
[Result "0-1"]
[Round "07"]
[TimeControl "180+2"]
[Date "2023.02.15"]
[WhiteClock "0:00:19"]
[BlackClock "0:00:04"]

1. Nf3 d5 2. d4 c6 3. c4 Nf6 4. e3 a6 5. Nc3 Bg4 6. h3 Bxf3 7. Qxf3 e6 8. Bd2 Nbd7 9. Bd3 Bd6 10. O-O O-O 11. Rfe1 b5 12. c5 Bc7 13. e4 dxe4 14. Nxe4 Nd5 15. Bg5 f6 16. Bd2 e5 17. Nd6 Bxd6 18. cxd6 g6 19. Be4 N7b6 20. dxe5 fxe5 21. Qa3 Nc4 22. Qc5 Qxd6 23. Qxd6 Nxd6 24. Bxd5+ cxd5 25. Rxe5 Nc4 26. Rxd5 Rfd8 27. Rxd8+ Rxd8 28. Bc3 a5 29. b3 b4 30. Bxb4 axb4 31. bxc4 Rd2 32. Rb1 Rxa2 33. Rxb4 Ra1+ 34. Kh2 Rc1 35. Kg3 Rc3+ 36. f3 h5 37. h4 Rc2 38. Rb8+ Kg7 39. Rc8 Kf6 40. c5 g5 41. hxg5+ Kxg5 42. c6 h4+ 43. Kh3 Rc1 44. Kh2 Kg6 45. Rh8 Rxc6 46. Rxh4 Kg5 47. Rg4+ Kh5 48. Kg3 Rc2 49. Rh4+ Kg5 50. Rg4+ Kh5 51. Ra4 Rc3 52. Ra5+ Kg6 53. Kg4 Rc2 54. g3 Kf6 55. f4 Kg6 56. Ra6+ Kg7 57. Kg5 Rc3 58. g4 Rc4 59. f5 Kf7 60. Ra7+ Kf8 61. f6 Rb4 62. Kf5 Ra4 63. g5 Rxa7 64. Kg6 Ra5 65. Kh6 Kf7 66. Kh5 Rb5 67. Kh6 Rb1 68. Kh5 Rh1+ 69. Kg4 Kg6 0-1


[Site "https://www.chess.com"]

[Event "Titled Tuesday Blitz February 14 Early 2023"]
[White "Jaskolka, Tomasz"]
[Black "Rian, Kapriaga"]
[WhiteFideId "1170791"]
[BlackFideId "7103263"]
[WhiteElo "2238"]
[BlackElo "2089"]
[Result "1-0"]
[Round "07"]
[TimeControl "180+2"]
[Date "2023.02.15"]
[WhiteClock "0:00:13"]
[BlackClock "0:00:15"]

1. d4 Nf6 2. Bf4 d5 3. e3 e6 4. c3 Bd6 5. Bg3 O-O 6. Nd2 c5 7. Ngf3 Qc7 8. Bd3 Nbd7 9. Qe2 e5 10. dxe5 Nxe5 11. Nxe5 Bxe5 12. Bxe5 Qxe5 13. Nf3 Qh5 14. O-O-O b5 15. Nd2 Bg4 16. f3 Be6 17. g4 Qe5 18. f4 Qc7 19. g5 Ne4 20. Nxe4 dxe4 21. Bxe4 Rab8 22. Kb1 Qa5 23. Bd5 Bxd5 24. Rxd5 b4 25. c4 b3 26. a3 Rfe8 27. Rhd1 Qc7 28. Qd3 a5 29. Qf5 g6 30. Qd3 Qe7 31. Re1 a4 32. Kc1 Qc7 33. Rd7 Qc6 34. Qd5 Qa6 35. Qxf7+ Kh8 36. Qg7# 1-0


[Site "https://www.chess.com"]

[Event "Titled Tuesday Blitz February 14 Early 2023"]
[White "Mazibuko, Khanya"]
[Black "Petrovic, Aleksa"]
[WhiteFideId "14321041"]
[BlackFideId "967629"]
[WhiteElo "1913"]
[BlackElo "2332"]
[Result "1-0"]
[Round "07"]
[TimeControl "180+2"]
[Date "2023.02.15"]
[WhiteClock "0:00:05"]
[BlackClock "0:00:05"]

1. e4 e6 2. d4 d5 3. Nd2 Nf6 4. e5 Nfd7 5. Bd3 c5 6. c3 Nc6 7. Ne2 cxd4 8. cxd4 f6 9. exf6 Nxf6 10. O-O Bd6 11. Nf3 Qc7 12. h3 O-O 13. Be3 Bd7 14. Rc1 Rae8 15. Nc3 a6 16. Qd2 Re7 17. Bb1 Be8 18. Rfe1 Bh5 19. Ne5 Qb8 20. Nxc6 bxc6 21. Bg5 h6 22. Bxf6 Rxf6 23. Qc2 Bg6 24. Qe2 Bh2+ 25. Kh1 Bf4 26. Rcd1 Qe8 27. Bxg6 Qxg6 28. Qg4 Qc2 29. Re2 Qh7 30. Rde1 h5 31. Qf3 Bd2 32. Qxf6 gxf6 33. Rxd2 Qf5 34. Re3 e5 35. Rf3 Qc8 36. Rxf6 e4 37. Rc2 Qe8 38. Nd1 Re6 39. Rf4 Qb8 40. g3 Qb4 41. Ne3 Qxd4 42. Kg2 Qd3 43. Rc3 Qb5 44. Rb3 Qc5 45. Rb7 Re7 46. Rb8+ Kh7 47. Rf5 Kg6 48. Rbf8 Qd6 49. Rf4 d4 50. Nf5 Qxf4 51. Nxe7+ Kg7 52. Rxf4 1-0


[Site "https://www.chess.com"]

[Event "Titled Tuesday Blitz February 14 Early 2023"]
[White "Pasti, Aron"]
[Black "Szente Varga, Fruzsina"]
[WhiteFideId "785857"]
[BlackFideId "712264"]
[WhiteElo "2361"]
[BlackElo "2075"]
[Result "0-1"]
[Round "07"]
[TimeControl "180+2"]
[Date "2023.02.15"]
[WhiteClock "0:00:01"]
[BlackClock "0:00:07"]

1. e4 Nf6 2. e5 Nd5 3. d4 d6 4. c4 Nb6 5. f4 g6 6. Nc3 Bg7 7. Be3 O-O 8. c5 dxc5 9. dxc5 N6d7 10. Nf3 c6 11. h4 Qa5 12. h5 Nxc5 13. hxg6 hxg6 14. Ng5 Ne6 15. Ne4 Rd8 16. Qf3 Na6 17. Qh3 Ng5 18. Nxg5 Bxh3 19. Rxh3 Nb4 20. Kf2 Nc2 21. Bc4 e6 22. Rah1 Nxe3 23. Rxe3 Rd2+ 24. Kf3 Rad8 25. Nce4 Rxb2 26. Nf6+ Kf8 27. Bxe6 Qd2 28. Rh2 Qf2+ 29. Ke4 Qc2+ 30. Kf3 Qf2+ 31. Ke4 Rb4+ 0-1


[Site "https://www.chess.com"]

[Event "Titled Tuesday Blitz February 14 Early 2023"]
[White "Piriflillo"]
[Black "Bilan, Danila"]
[BlackFideId "24161918"]
[WhiteElo "2337"]
[BlackElo "2303"]
[Result "0-1"]
[Round "07"]
[TimeControl "180+2"]
[Date "2023.02.15"]
[WhiteClock "0:00:29"]
[BlackClock "0:00:17"]

1. e4 c6 2. Nf3 d5 3. d3 Bg4 4. h3 Bxf3 5. Qxf3 e6 6. c4 d4 7. g3 g6 8. Bg2 Bg7 9. O-O Ne7 10. b4 a5 11. b5 Nd7 12. bxc6 bxc6 13. Nd2 O-O 14. Ba3 Re8 15. Rab1 Nb6 16. Qe2 Na4 17. Bb2 Rb8 18. Nb3 Nc3 19. Bxc3 dxc3 20. Qc2 a4 21. Nc5 a3 22. Rxb8 Qxb8 23. Na4 Qb4 24. Rb1 Qa5 25. Rb3 Qxa4 26. Rxc3 Qxc2 27. Rxc2 c5 28. Bf1 Bd4 29. Be2 Rb8 30. Kg2 Rb2 31. Bd1 Rb1 32. Rd2 Nc6 33. Bb3 Nb4 34. Kf3 Rxb3 35. axb3 a2 36. Rxa2 Nxa2 37. e5 Bxe5 38. Ke4 Bd4 39. f4 f5+ 40. Kf3 Nc1 41. g4 Nxd3 42. gxf5 exf5 43. h4 Nc1 44. h5 Nxb3 45. hxg6 hxg6 0-1


[Site "https://www.chess.com"]

[Event "Titled Tuesday Blitz February 14 Early 2023"]
[White "Girsh, Daniel"]
[Black "Fan_Of_Chucky"]
[WhiteFideId "30949190"]
[WhiteElo "2123"]
[BlackElo "2323"]
[Result "1-0"]
[Round "07"]
[TimeControl "180+2"]
[Date "2023.02.15"]
[WhiteClock "0:00:37"]
[BlackClock "0:00:06"]

1. e4 c5 2. Nf3 a6 3. c4 Nc6 4. d4 cxd4 5. Nxd4 e5 6. Nc2 Nf6 7. Nc3 Bc5 8. Be2 d6 9. O-O Nd4 10. Bg5 h6 11. Bxf6 gxf6 12. Bh5 Rg8 13. Ne3 f5 14. exf5 Nxf5 15. Bxf7+ Kxf7 16. Qh5+ Kf8 17. Nxf5 Qg5 18. Qxg5 Rxg5 19. Ng3 Rg4 20. Nce4 Bd4 21. Nxd6 Bxb2 22. Rab1 Bd4 23. Nxb7 Ra7 24. Nd6 Be6 25. Rb8+ Ke7 26. Ndf5+ Kf6 27. Rf8+ Rf7 28. Rxf7+ Bxf7 29. Nxh6 Rg7 30. Nxf7 Rxf7 31. Rc1 Ke6 32. Rc2 Rb7 33. Kf1 Rb1+ 34. Ke2 Rg1 35. Kf3 Rd1 36. Ne4 Kf5 37. g4+ Ke6 38. Ke2 Rh1 39. c5 Rxh2 40. c6 Kd5 41. c7 Kxe4 42. c8=Q Rxf2+ 43. Ke1 Rxc2 44. Qxc2+ Kf4 45. Qf5+ Kg3 46. Ke2 Kh4 47. Qh5+ Kg3 48. g5 Kf4 49. g6 Ke4 50. g7 Kd5 51. g8=Q+ Ke4 52. Qf3# 1-0


[Site "https://www.chess.com"]

[Event "Titled Tuesday Blitz February 14 Early 2023"]
[White "Martin, Lewis"]
[Black "Shuvalov, Evgenij"]
[WhiteFideId "410551"]
[BlackFideId "4187237"]
[WhiteElo "2135"]
[BlackElo "2038"]
[Result "1-0"]
[Round "07"]
[TimeControl "180+2"]
[Date "2023.02.15"]
[WhiteClock "0:01:38"]
[BlackClock "0:01:50"]

1. e4 e6 2. b3 d5 3. Bb2 c5 4. exd5 exd5 5. Nf3 Nc6 6. Bb5 Qe7+ 7. Qe2 Qxe2+ 8. Kxe2 a6 9. Bxc6+ bxc6 10. Re1 f6 11. d3 a5 12. a4 Bd6 13. Nbd2 Ne7 14. Kf1 Kf7 15. h3 h5 16. Re2 Rb8 17. Ba3 Nf5 18. Rae1 Bd7 19. d4 cxd4 20. Bxd6 Nxd6 21. Re7+ Kg6 22. Rxd7 Nf5 23. g4 hxg4 24. hxg4 Nh4 25. Nxd4 Rbe8 26. Rxe8 Rxe8 27. Nxc6 Kg5 28. Rxg7+ Kf4 29. Nd4 1-0


[Site "https://www.chess.com"]

[Event "Titled Tuesday Blitz February 14 Early 2023"]
[White "Yurasova, Daria"]
[Black "Davalos Prieto, Abel Justo"]
[WhiteFideId "34146919"]
[BlackFideId "5102766"]
[WhiteElo "2095"]
[BlackElo "2029"]
[Result "1-0"]
[Round "07"]
[TimeControl "180+2"]
[Date "2023.02.15"]
[WhiteClock "0:01:18"]
[BlackClock "0:01:17"]

1. d4 Nf6 2. Bg5 Ne4 3. Bf4 c5 4. f3 Qa5+ 5. c3 Nf6 6. d5 d6 7. e4 g6 8. Nd2 Bg7 9. Bd3 O-O 10. Ne2 b5 11. O-O Qb6 12. Be3 a6 13. Bf2 Nbd7 14. a4 Bb7 15. Qb3 Nh5 16. axb5 Ne5 17. Nc4 Nxc4 18. Bxc4 axb5 19. Qxb5 Qxb5 20. Bxb5 Rfb8 21. Bc4 Bc8 22. Rxa8 Rxa8 23. Rb1 Rb8 24. b4 cxb4 25. cxb4 Nf6 26. Nd4 Kf8 27. Nc6 Rb7 28. Ba6 Rc7 29. Bxc8 Rxc8 30. b5 Nd7 31. b6 Nb8 32. b7 Re8 33. Nxb8 Rxb8 34. Ba7 1-0


[Site "https://www.chess.com"]

[Event "Titled Tuesday Blitz February 14 Early 2023"]
[White "Thiel, Thomas"]
[Black "Skliarov, Viktor"]
[WhiteFideId "4615964"]
[BlackFideId "14106736"]
[WhiteElo "2234"]
[BlackElo "2383"]
[Result "0-1"]
[Round "07"]
[TimeControl "180+2"]
[Date "2023.02.15"]
[WhiteClock "0:00:10"]
[BlackClock "0:00:13"]

1. e4 c5 2. Nc3 Nc6 3. Bb5 Nd4 4. Bc4 g6 5. Nf3 Bg7 6. Nxd4 cxd4 7. Qf3 Nh6 8. Ne2 O-O 9. d3 Ng4 10. Bb3 d6 11. O-O a5 12. a4 Bd7 13. Qg3 Rc8 14. Qh4 e5 15. Bg5 Bf6 16. Bxf6 Qxf6 17. Qg3 Kg7 18. h3 Nh6 19. f4 Be6 20. fxe5 Qxe5 21. Qxe5+ dxe5 22. Bxe6 fxe6 23. c4 Ng8 24. Kh2 Nf6 25. Ng1 Nd7 26. Nf3 Rf6 27. Ra3 Kf7 28. Rb3 b6 29. Ng5+ Ke7 30. Rxf6 Kxf6 31. Nxh7+ Ke7 32. Ra3 Nc5 33. Ng5 Rf8 34. Nf3 Kd6 35. Kg1 Rf4 36. Ne1 g5 37. Ra1 g4 38. g3 Rf6 39. h4 Ke7 40. Rd1 Nxa4 41. Rd2 Nc5 42. Rf2 Rxf2 43. Kxf2 Kf6 44. Ke2 Na4 45. b3 Nc5 0-1


[Site "https://www.chess.com"]

[Event "Titled Tuesday Blitz February 14 Early 2023"]
[White "Colbow, Collin"]
[Black "Cunha, Lucas Aguiar"]
[WhiteFideId "16201132"]
[BlackFideId "2125404"]
[WhiteElo "2408"]
[BlackElo "2309"]
[Result "0-1"]
[Round "07"]
[TimeControl "180+2"]
[Date "2023.02.15"]
[WhiteClock "0:00:01"]
[BlackClock "0:00:16"]

1. d4 Nf6 2. Bf4 d5 3. Nf3 c5 4. e3 Nc6 5. c3 Qb6 6. Qc1 Bf5 7. Nbd2 Rc8 8. Nh4 Bd7 9. Qb1 h6 10. Nhf3 Nh5 11. Bg3 Nxg3 12. hxg3 g6 13. Bd3 cxd4 14. exd4 g5 15. Nxg5 Bg7 16. Ngf3 a6 17. O-O Bf6 18. Re1 h5 19. Re2 Bg4 20. Bf5 Rd8 21. Bxg4 hxg4 22. Nh2 Rg8 23. Ndf1 Bg5 24. Qf5 e6 25. Qxg4 Ne7 26. Qf3 Rh8 27. Ng4 Kf8 28. Nfh2 Ng6 29. Rae1 Kg7 30. Ne5 Nxe5 31. Rxe5 Bf6 32. R5e2 Rh6 33. Ng4 Rg6 34. Ne5 Rg5 35. Qf4 Qd6 36. Nf3 Rg6 37. Qxd6 Rxd6 38. Ne5 Rg5 39. Nd3 Rd8 40. Nf4 Rh8 41. Nh3 Rgh5 42. f3 R5h6 43. g4 Rg6 44. Kf2 Be7 45. Rd1 Bh4+ 46. Kf1 Bg3 47. b4 Rgh6 48. a4 Kg6 49. b5 Rc8 50. bxa6 bxa6 51. Rd3 Rhh8 52. Rb2 Bc7 53. Rb7 Bb8 0-1


[Site "https://www.chess.com"]

[Event "Titled Tuesday Blitz February 14 Early 2023"]
[White "Souleidis, Georgios"]
[Black "Carrasco Miranda, Andres"]
[WhiteFideId "4206827"]
[BlackFideId "3405990"]
[WhiteElo "2419"]
[BlackElo "2240"]
[Result "1-0"]
[Round "07"]
[TimeControl "180+2"]
[Date "2023.02.15"]
[WhiteClock "0:00:14"]
[BlackClock "0:00:16"]

1. e4 c5 2. Be2 d6 3. d3 g6 4. f4 Bg7 5. Nf3 Nc6 6. O-O Rb8 7. c3 e6 8. a3 Nge7 9. Be3 a5 10. d4 cxd4 11. cxd4 d5 12. e5 h5 13. Nc3 b5 14. Nxb5 O-O 15. Qd2 Nf5 16. Bf2 Ba6 17. Nc3 Bxe2 18. Qxe2 Rb3 19. Na4 Rxf3 20. Qxf3 Ncxd4 21. Qd1 Nc6 22. Rc1 Nce7 23. Qd2 d4 24. Rfd1 Qa8 25. Nc5 Rd8 26. b4 axb4 27. axb4 Nd5 28. Ra1 Qc6 29. Rdc1 Nde3 30. Bxe3 Nxe3 31. Re1 Bh6 32. g3 Rd5 33. Ne4 Bg7 34. Rac1 Qb6 35. Rc8+ Kh7 36. Ng5+ Kh6 37. Nxf7+ Kh7 38. Ng5+ Kh6 39. Nf7+ Kh7 40. Nd6 Rxd6 41. exd6 Qxd6 42. Rxe3 Qa6 43. Rc7 dxe3 44. Qxe3 Qa1+ 45. Kg2 Qa2+ 46. Kh3 Qd5 47. Qe5 1-0


[Site "https://www.chess.com"]